 Dungeon Crawl Stone Soup version 0.26-a0-863-g3bff4b215c (webtiles) character file.

Game seed: 14577277939961062513

32 LufLufFighter the Changer (level 3, -1/27 HPs)
             Began as a Merfolk Transmuter on Nov 25, 2020.
             Slain by a gnoll (5 damage)
             ... on level 1 of the Dungeon.
             The game lasted 00:02:05 (1610 turns).

LufLufFighter the Changer (Merfolk Transmuter)      Turns: 1610, Time: 00:02:06

Health: -1/27      AC:  2    Str: 11    XL:     3   Next: 25%
Magic:  4/6        EV: 13    Int: 12    God:
Gold:   9          SH:  0    Dex: 14    Spells: 0/6 levels left

rFire    . . .     SeeInvis .     - Unarmed
rCold    . . .     Faith    .   (no shield)
rNeg     . . .     Spirit   .   a - +0 robe
rPois    .         Reflect  .   (no helmet)
rElec    .         Harm     .   (no cloak)
rCorr    .         Rampage  .   (no gloves)
MR       .....                  (no boots)
Stlth    +.........             (no amulet)
HPRegen  0.09/turn              (no ring)
MPRegen  0.10/turn              (no ring)

@: no status effects
A: change form in water, swift swim, stealthy swim
a: no special abilities


You were on level 1 of the Dungeon.
You visited 1 branch of the dungeon, and saw 2 of its levels.

You collected 9 gold pieces.

Inventory:

Armour
 a - a +0 robe (worn)
Jewellery
 g - an uncursed amulet of guardian spirit {unknown}
 h - an uncursed ring of protection from magic {unknown}
Scrolls
 b - 2 scrolls of identify {unknown}
 d - a scroll of teleportation {unknown}
 f - a scroll of enchant armour {unknown}
Potions
 c - a potion of resistance {unknown}
 e - a potion of haste {unknown}
 i - a potion of flight {unknown}


   Skills:
 * Level 2.0 Fighting
 - Level 2.6 Dodging
 - Level 3.2 Unarmed Combat
 * Level 2.4 Spellcasting
 * Level 3.5 Transmutations
 * Level 0.2 Poison Magic


You couldn't memorise any spells.
You knew the following spells:

 Your Spells              Type           Power        Failure   Level
a - Beastly Appendage     Tmut           ##....       6%          1
b - Wereblood             Tmut           ##......     9%          2
c - Spider Form           Tmut/Pois      #.........   34%         3

Your spell library contained the following spells:

 Spells                   Type           Power        Failure   Level
 Ice Form                 Ice/Tmut       #.......     77%         4
 Blade Hands              Tmut           ##........   86%         5


Dungeon Overview and Level Annotations

Branches:
Dungeon (2/15)

Altars:


Message History

You hit the gnoll.
The gnoll is moderately wounded.
The hobgoblin misses you.
The gnoll hits you from afar with a +0 spear!
The goblin closely misses you. The gnoll completely misses you.
You are too injured to fight recklessly!
You can't go down here!
The gnoll closely misses you. x2; The hobgoblin closely misses you.
The goblin closely misses you. The gnoll hits you!
* * * LOW HITPOINT WARNING * * *
You climb upwards.
There is a stone staircase leading down here.
You barely miss the gnoll.
The gnoll is moderately wounded.
The gnoll barely misses you. x2
You hit the gnoll.
The gnoll is heavily wounded.
Your transformation has ended.
Your +0 robe unmelds from your body.
The gnoll hits you.
You die...

#####...............#
#.....#.###########.####
#.###)#.####.# #.......#
#.#..........# #.##.##.#
#.#†#.######.# #.##.#..#
#.#.#........###.##.#..####
#...................#.....#
#..############.#####..##.####
####..# #.g@gg..............
..##..# ####.####.########.####
#.##..# #.........#..#.........
#.##..#####.##.######..##..[...#.
............##.# #.....######.
#.############.#######.#########.
....# #.........# #..... ######
################ #.#### .....#
#...## #.>.#


You could see 2 gnolls and a hobgoblin.

Vanquished Creatures
  A dart slug (D:1)
  A leopard gecko (D:1)
  3 bats (D:1)
  2 giant cockroaches (D:1)
  4 goblins (D:1)
  3 hobgoblins (D:1)
  3 jackals (D:1)
  4 frilled lizards (D:1)
  3 kobolds (D:1)
  4 rats (D:1)
28 creatures vanquished.

Notes
Turn   | Place    | Note
-------+----------+-------------------------------------------
     0 | D:1      | LufLufFighter the Merfolk Transmuter began the quest for
                  | the Orb.
     0 | D:1      | Reached XP level 1. HP: 15/15 MP: 3/3
   323 | D:1      | Reached XP level 2. HP: 14/21 MP: 3/5
   336 | D:1      | Learned a level 2 spell: Wereblood
   826 | D:1      | Reached XP level 3. HP: 9/27 MP: 6/6
   830 | D:1      | Learned a level 3 spell: Spider Form
  1610 | D:1      | Slain by a gnoll

Illustrated notes

Levels and vault maps discovered:
D:1:      dpeg_arrival_renting, layout_basic
D:2:      layout_rooms

Skill      XL: |  1  2 |
---------------+-------+-----
Transmutations | 3 |  3.5
Fighting       | 2 |  2.0
Dodging        | |  2.6
Unarmed Combat | |  3.2
Spellcasting   | |  2.4
Poison Magic   | |  0.2

Action                   || total
-------------------------++-------
Melee: Unarmed           ||   102
       Headbutt          ||     8
 Cast: Beastly Appendage ||    17
       Spider Form       ||     1
Armor: Robe              ||    16
Dodge: Dodged            ||    96

Table legend: (Time is in decaauts)
 A = Elapsed time spent in this place.
 B = Non-inter-level travel time spent in this place.
 C = Inter-level travel time spent in this place.
 D = Time resting spent in this place.
 E = Time spent auto-exploring this place.
 F = Levels seen in this place.
 G = Mean time per level.
                   A        B        C        D        E       F      G
               +--------+--------+--------+--------+--------+-----+--------+
         Total |   1604 |   1598 |      6 |      0 |   1386 |   2 |  802.0 |
       Dungeon |   1604 |   1598 |      6 |      0 |   1386 |   2 |  802.0 |
               +--------+--------+--------+--------+--------+-----+--------+

Top non-repeatable levels by time:
     D:1: 1592 daAuts
     D:2: 12 daAuts
